 Dungeon Crawl Stone Soup version 0.29.1-2-gbd0b4ee654 (webtiles) character file.

Game seed: 12459347826261389972

63205 cdecastro the Brawler (level 15, -14/126 HPs)
             Began as a Ghoul Monk on Nov 8, 2022.
             Was a High Priest of Hepliaklqana.
             Demolished by an ettin
             ... wielding a +0 dire flail
              (34 damage)
             ... on level 15 of the Dungeon on Nov 9, 2022.
             The game lasted 00:43:04 (16867 turns).

cdecastro the Brawler (Ghoul Monk)                 Turns: 16867, Time: 00:43:04

Health: -14/126    AC: 17    Str: 23    XL:     15   Next: 8%
Magic:  21/21      EV: 14    Int:  5    God:    Hepliaklqana [*****.]
Gold:   477        SH:  0    Dex: 11    Spells: 14/14 levels left

rFire   . . .      SeeInvis .     - Unarmed
rCold   + + .      Faith    .   (no shield)
rNeg    + + +      Spirit   .   J - +1 scale mail {rC+}
rPois   ∞          Reflect  .   g - +1 helmet
rElec   .          Harm     .   O - +0 cloak
rCorr   .          Rampage  .   u - +0 pair of gloves
Will    +....                   (no boots)
Stlth   ..........              (no amulet)
HPRegen 0.00/turn               d - +4 ring of protection
MPRegen 0.17/turn               L - +4 ring of evasion

@: inhibited regen, studying Spellcasting
A: reduced essence, claws 1, cold resistance 1, negative energy resistance 3,
inhibited regeneration, torment resistance 2, devour on kill
a: Renounce Religion, Recall Ancestor, Ancestor Identity, Transference, Idealise


You were on level 15 of the Dungeon.
You worshipped Hepliaklqana.
Hepliaklqana was extremely pleased with you.
You visited 2 branches of the dungeon, and saw 16 of its levels.
You also visited: Bailey.

You collected 874 gold pieces.
You spent 397 gold pieces at shops.

Inventory:

Hand Weapons
 b - a +2 longbow of flaming
 P - a +3 scimitar of flaming
Missiles
 a - 2 curare-tipped darts (quivered)
 p - 6 throwing nets
 q - 53 poisoned darts
 x - 6 atropa-tipped darts
 R - 3 javelins
 S - 10 boomerangs
Armour
 g - a +1 helmet (worn)
 h - the +1 leather armour of Midnight {rF++ Will++ Regen+}
   (You took it off an orc in a bailey)

   rF:        It greatly protects you from fire.
   Regen:     It increases your rate of health regeneration.
   Will:      It greatly increases your willpower.
 u - a +0 pair of gloves (worn)
 J - a +1 scale mail of cold resistance (worn)
 O - a +0 cloak (worn)
 Y - a +2 buckler of protection
Jewellery
 d - a +4 ring of protection (left hand)
 e - a ring of protection from fire
 m - a ring of flight
 s - a ring of magical power
 F - a ring of ice
 L - a +4 ring of evasion (right hand)
 W - a ring of fire
 Z - a ring of resist corrosion
Wands
 v - a wand of digging (11)
 w - a wand of roots (17)
 y - a wand of flame (56)
 E - a wand of charming (9)
 G - a wand of polymorph (16)
 M - a wand of mindburst (3)
 V - a wand of acid (11)
Scrolls
 c - 5 scrolls of enchant armour {unknown}
 i - 7 scrolls of teleportation
 k - 5 scrolls of fear {unknown}
 l - 3 scrolls of noise {unknown}
 n - 6 scrolls of fog {unknown}
 o - a scroll of enchant weapon {unknown}
 r - 2 scrolls of blinking {unknown}
 t - 3 scrolls of torment {unknown}
 B - 3 scrolls of vulnerability {unknown}
 K - a scroll of magic mapping {unknown}
 N - a scroll of immolation {unknown}
 T - a scroll of identify
 U - a scroll of acquirement
Potions
 f - 4 potions of brilliance
 j - 7 potions of attraction
 z - a potion of flight
 A - 6 potions of heal wounds
 C - 3 potions of curing
 D - 2 potions of haste
 H - a potion of resistance
 I - a potion of cancellation
 Q - 4 potions of magic
 X - 3 potions of might


   Skills:
 - Level 15.0 Fighting
 + Level 4.9 Armour
 - Level 2.6 Dodging
 - Level 2.1 Stealth
 - Level 20.0 Unarmed Combat
 - Level 10.0 Invocations


You had 14 spell levels left.
You didn't know any spells.
Your spell library contained the following spells:

 Spells                   Type           Power      Damage    Failure   Level
 Apportation              Tloc           0%         N/A       78%         1
 Foxfire                  Conj/Fire      0%         2x1d4     78%         1
 Magic Dart               Conj           0%         1d3       78%         1
 Necrotise                Necr           0%         1d4       78%         1
 Sandblast                Erth           0%         2d4       78%         1
 Summon Small Mammal      Summ           0%         N/A       78%         1
 Call Imp                 Summ           0%         N/A       89%         2
 Passwall                 Tmut/Erth      0%         N/A       89%         2
 Conjure Flame            Conj/Fire      0%         6-21      98%         3
 Inner Flame              Hex/Fire       0%         N/A       98%         3
 Mephitic Cloud           Conj/Pois/Air  0%         N/A       98%         3
 Stone Arrow              Conj/Erth      0%         3d7       98%         3
 Animate Armour           Summ/Erth      0%         N/A       100%        4
 Corpse Rot               Necr/Pois/Air  0%         N/A       100%        4
 Dispel Undead            Necr           0%         3d6       100%        4
 Flame Wave               Conj/Fire      0%         2d4       100%        4
 Summon Forest            Summ/Tloc      0%         N/A       100%        5
 Summon Mana Viper        Hex/Summ       0%         N/A       100%        5
 Death Channel            Necr           0%         N/A       100%        6
 Summon Cactus Giant      Summ           0%         N/A       100%        6
 Lehudib's Crystal Spear  Conj/Erth      0%         10d2      100%        8


Dungeon Overview and Level Annotations

Branches:
Dungeon (15/15)            Temple (1/1) D:7            Lair (0/5) D:9
    Orc (0/2) D:10         Vaults (0/5) D:13         Depths (0/4) D:15
 Bailey (visited)

Altars:
Ashenzari
Cheibriados
Dithmenos
Fedhas
Gozag
Hepliaklqana
Makhleb
Nemelex Xobeh
Okawaru
Qazlal
Ru
Sif Muna
Trog
Uskayaw
Vehumet
Wu Jian
Xom
Yredelemnul

Shops:
D:4 *   D:14 :!(

Annotations:
D:4 1 runed translucent door, qeuew's ghost, amateur MeFi
D:7 3 runed translucent doors, Sabo's ghost, novice GrFi; lambentLogic's ghost, novice KoEn
Temple 4 transporters


Innate Abilities, Weirdness & Mutations

Your life essence is reduced to manifest your ancestor. (-10% HP)
You are immune to poison.
You have sharp fingernails.
Your flesh is cold resistant. (rC+)
You are immune to negative energy. (rN+++)
You do not regenerate when monsters are visible.
You are immune to unholy pain and torment.
You thrive by killing the living.


Message History

Unknown command.
You barely miss the ettin.
Octavius points at the tengu warrior and mumbles some strange words.
The bolt of magma misses the tengu warrior.
The ettin hits you with a +0 dire flail!! x2
* * * LOW HITPOINT WARNING * * *
The tengu warrior hits Octavius with a +0 battleaxe!
Octavius is destroyed!
The tengu warrior shouts!
You pummel the ettin like a punching bag!!!
Your punch misses the ettin.
The ettin is heavily wounded.
You hear a shout!
Unknown command.
You hit the ettin but do no damage.
The ettin is heavily wounded.
The ettin barely misses you. x2
Unknown command.
You hit the ettin.
The ettin is heavily wounded.
The tengu warrior completely misses you.
The tengu warrior misses you.
The tengu warrior claws you but does no damage.
Unknown command.
You hit the ettin but do no damage.
The ettin is heavily wounded.
A wizard comes into view. It is wielding a +0 dagger.
The ettin barely misses you. The ettin closely misses you.
Unknown command.
The ettin attacks as you move away!
The ettin hits you with a +0 dire flail!
* * * LOW HITPOINT WARNING * * *
The ettin completely misses you.
The tengu warrior hits you with a +0 battleaxe.
* * * LOW HITPOINT WARNING * * *
The tengu warrior barely misses you.
The tengu warrior claws you but does no damage.
The ettin attacks as you move away! The ettin closely misses you.
The ettin hits you with a +0 dire flail!!
You die...

. p# ###.#### . ..#..>#
###.# #.....#.....# ..
#.#...#.....# ...
#..#.#.#.#.. .....
...##...QC# ..# #...
##..#####@#...#.. ...#
#....# #.#.....#
...####......###...#..#
...#.....# #....).....#
.......# ##..........#
......######........#..#
...................## ..
###.....#..........# .
#..######.......##


You could see an ettin, a tengu warrior and a wizard.

Vanquished Creatures
  Gastronok (D:10)
  Frances (D:13)
  Josephine (D:14)
  A vault guard (D:12)
  3 boulder beetles (D:12)
  3 centaur warriors
  A death knight (D:14)
  2 two-headed ogres
  A tengu warrior (D:13)
  4 orc knights
  A deep elf pyromancer (D:14)
  A necromancer (D:15)
  2 cyclopes
  2 manticores
  Joseph (D:9)
  A freezing wraith (D:15)
  7 kobold demonologists
  An efreet (D:13)
  A meliai (D:12)
  5 trolls
  2 wyverns
  A centaur simulacrum (D:12)
  A vampire (D:10)
  3 wraiths
  A shadow (D:7)
  14 yaks
  5 humans
  A steam dragon (D:10)
  A basilisk (D:9)
  A redback (D:13)
  3 vampire mosquitoes (D:10)
  A water moccasin (D:8)
  A sky beast (D:8)
  7 orc warriors
  A black bear (D:5)
  An ogre (D:6)
  4 centaurs
  6 kobold brigands
  2 bullfrogs
  3 gnoll sergeants
  4 necrophages
  5 wights
  6 killer bees (D:9)
  2 electric eels (Bailey)
  6 howler monkeys
  2 hounds
  6 orc priests
  An iguana (D:5)
  An iron imp (D:8)
  A gnoll bouda (D:7)
  5 orc wizards
  16 gnolls
  6 adders
  3 white imps
  3 worms
  2 dart slugs
  23 orcs
  4 endoplasms
  A giant cockroach (D:1)
  11 goblins
  5 hobgoblins
  9 jackals
  12 kobolds
  2 quokkas
  5 ball pythons
  5 bats
  11 frilled lizards
  4 rats
260 creatures vanquished.

Vanquished Creatures (collateral kills)
  Harold (D:9)
  A vault guard (D:13)
  Erica (D:9)
  2 two-headed ogres
  A skeletal warrior (D:12)
  Pikel (D:5)
  An orc knight (Bailey)
  A cyclops (D:12)
  An elephant (D:9)
  A gargoyle (D:12)
  2 unseen horrors (D:11)
  Psyche (D:9)
  2 kobold demonologists
  An efreet (D:14)
  2 trolls
  A slime creature (D:7)
  2 shadows (D:13)
  4 wraiths
  A vampire (D:13)
  A human (D:13)
  8 yaks
  A steam dragon (D:7)
  A basilisk (D:9)
  A vampire mosquito (D:10)
  Menkaure (D:5)
  An acid dragon (D:11)
  A water moccasin (D:5)
  3 orc warriors
  4 centaurs
  A phantom (D:5)
  A kobold brigand (D:12)
  A bullfrog (D:7)
  A scorpion (D:5)
  3 wights
  4 killer bees (D:9)
  2 electric eels (Bailey)
  3 howler monkeys
  4 orc priests
  2 gnoll boudas
  3 iguanas
  8 orc wizards
  A boggart simulacrum (D:14)
  3 adders
  14 gnolls
  2 white imps (D:7)
  An ufetubus (D:7)
  5 worms
  2 dart slugs
  23 orcs
  7 goblins
  2 hobgoblins
  A quokka (D:5)
  A ball python (D:4)
  7 kobolds
151 creatures vanquished.

Vanquished Creatures (others)
  2 vault guards (D:13)
  A human (D:13)
  A gnoll (D:10)
  9 battlemagi
  10 plants (D:1)
23 creatures vanquished.

Grand Total: 434 creatures vanquished

Notes
Turn   | Place    | Note
-------+----------+-------------------------------------------
     0 | D:1      | cdecastro the Ghoul Monk began the quest for the Orb.
     0 | D:1      | Reached XP level 1. HP: 19/19 MP: 0/0
   263 | D:1      | Reached XP level 2. HP: 26/26 MP: 1/1
   495 | D:1      | Reached skill level 4 in Unarmed Combat
   816 | D:2      | Reached XP level 3. HP: 31/31 MP: 2/2
   934 | D:2      | Reached skill level 5 in Unarmed Combat
   934 | D:2      | Reached XP level 4. HP: 27/38 MP: 3/3
  1490 | D:3      | Reached skill level 6 in Unarmed Combat
  1494 | D:3      | Reached XP level 5. HP: 35/45 MP: 4/4
  1691 | D:3      | Found a broken altar of Ashenzari.
  2008 | D:3      | Reached skill level 7 in Unarmed Combat
  2008 | D:3      | Reached XP level 6. HP: 34/51 MP: 5/5
  2105 | D:4      | Found a hazy altar of Hepliaklqana.
  2256 | D:4      | Noticed a +0 hand axe
  2256 | D:4      | Noticed a +0 hand axe
  2258 | D:4      | Became a worshipper of Hepliaklqana the Forgotten
  2258 | D:4      | Reached * piety under Hepliaklqana
  2258 | D:4      | Reached ** piety under Hepliaklqana
  2261 | D:4      | Remembered your ancestor Octavius as a battlemage
  2262 | D:4      | Found a hide-covered altar of Uskayaw.
  2285 | D:4      | Found a runed translucent door.
  2307 | D:4      | Noticed qeuew's ghost (amateur MeFi)
  2343 | D:4      | You are sucked into a shaft and drop 2 floors!
  2473 | D:6      | Reached skill level 8 in Unarmed Combat
  2497 | D:6      | Reached XP level 7. HP: 51/51 MP: 6/6
  2623 | D:6      | Noticed a wyvern
  2665 | D:5      | Entered Level 5 of the Dungeon
  2686 | D:5      | Noticed Menkaure
  2696 | D:5      | Killed Menkaure
  2697 | D:5      | Reached skill level 9 in Unarmed Combat
  2805 | D:5      | Noticed Pikel
  2809 | D:5      | Killed Pikel
  2810 | D:5      | Reached skill level 10 in Unarmed Combat
  2810 | D:5      | Reached skill level 5 in Fighting
  2810 | D:5      | Reached XP level 8. HP: 53/63 MP: 7/7
  3005 | D:4      | Found Bujiab's General Store.
  3009 | D:4      | Bought a scroll of teleportation for 33 gold pieces
  3608 | D:5      | Reached *** piety under Hepliaklqana
  4243 | D:6      | Found an ornate altar of the Wu Jian Council.
  4283 | D:6      | Reached XP level 9. HP: 73/73 MP: 8/8
  4587 | D:7      | Found a runed translucent gate.
  4665 | D:7      | Identified the +1 leather armour of Hopscotch {+Inv rF-
                  | rCorr Str+3}
  4745 | D:7      | Noticed a kobold demonologist
  4746 | D:7      | Noticed a kobold demonologist
  4760 | D:7      | Killed a kobold demonologist
  4761 | D:7      | Reached skill level 10 in Fighting
  4769 | D:7      | Noticed a soul eater
  4773 | D:7      | Killed a kobold demonologist
  4783 | D:7      | Reached skill level 11 in Unarmed Combat
  5097 | D:7      | Found a runed translucent gate.
  5098 | D:7      | Found a runed translucent gate.
  5100 | D:7      | Noticed Sabo's ghost (novice GrFi)
  5100 | D:7      | Noticed lambentLogic's ghost (novice KoEn)
  5158 | D:7      | Reached skill level 12 in Unarmed Combat
  5160 | D:7      | Reached XP level 10. HP: 40/83 MP: 9/9
  5805 | D:7      | Reached skill level 13 in Unarmed Combat
  5853 | D:7      | Found a staircase to the Ecumenical Temple.
  5868 | D:7      | Identified the +6 hand axe of Experimentation {vamp, rElec
                  | Int+2}
  5871 | Temple   | Entered the Ecumenical Temple
  5871 | Temple   | Found a transporter.
  5871 | Temple   | Found a transporter.
  5873 | Temple   | Found a transporter.
  5873 | Temple   | Found a transporter.
  6332 | D:8      | Reached **** piety under Hepliaklqana
  6389 | D:8      | Noticed a two-headed ogre
  6398 | D:8      | Killed a two-headed ogre
  6449 | D:8      | Noticed Maurice
  6478 | D:8      | Noticed Maurice
  6478 | D:8      | Maurice changed into Maurice the worm
  6480 | D:8      | Killed Maurice the worm
  6660 | D:8      | Found a snail-covered altar of Cheibriados.
  6728 | D:8      | Reached skill level 5 in Invocations
  7129 | D:9      | Noticed a two-headed ogre
  7136 | D:9      | Killed a two-headed ogre
  7284 | D:9      | Reached skill level 14 in Unarmed Combat
  7389 | D:9      | Found a shimmering blue altar of Sif Muna.
  7393 | D:9      | Noticed Joseph
  7405 | D:9      | Killed Joseph
  7596 | D:9      | Noticed an elephant
  7656 | D:9      | Killed Psyche
  7657 | D:9      | Reached XP level 11. HP: 62/89 MP: 11/13
  7876 | D:9      | Reached skill level 15 in Unarmed Combat
  7912 | D:9      | Reached ***** piety under Hepliaklqana
  8306 | D:9      | Found a staircase to the Lair.
  8378 | D:9      | Noticed Erica
  8577 | D:9      | Found a burning altar of Makhleb.
  8577 | D:9      | Noticed a cacodemon
  8670 | D:9      | Killed Erica
  8804 | D:9      | Noticed Harold
  8811 | D:9      | Killed Harold
  9154 | D:10     | Entered Level 10 of the Dungeon
  9156 | D:10     | Reached skill level 17 in Unarmed Combat
  9156 | D:10     | Reached XP level 12. HP: 95/95 MP: 18/18
  9185 | D:10     | Found a shadowy altar of Dithmenos.
  9243 | D:10     | Reached skill level 10 in Invocations
  9328 | D:10     | Found a flagged portal.
  9346 | Bailey   | Entered a bailey
 10248 | Bailey   | Identified the +1 leather armour of Midnight {rF++ Will++
                  | Regen+}
 10262 | Bailey   | Reached skill level 18 in Unarmed Combat
 10262 | Bailey   | Reached XP level 13. HP: 92/101 MP: 19/19
 10638 | Bailey   | Found an iron altar of Okawaru.
 10724 | Bailey   | Reached skill level 19 in Unarmed Combat
 10724 | Bailey   | Reached XP level 14. HP: 108/108 MP: 20/20
 10767 | D:10     | Reached skill level 20 in Unarmed Combat
 10799 | D:10     | Noticed Gastronok
 10810 | D:10     | Killed Gastronok
 10929 | D:10     | Found a stormy altar of Qazlal.
 11045 | D:10     | Found a staircase to the Orcish Mines.
 11130 | D:10     | Found an iron altar of Okawaru.
 11132 | D:10     | Found a sacrificial altar of Ru.
 11134 | D:10     | Found a radiant altar of Vehumet.
 11136 | D:10     | Found a basalt altar of Yredelemnul.
 14799 | D:13     | Noticed Nessos
 14806 | D:13     | Noticed Nessos
 14806 | D:13     | Nessos changed into Nessos the redback
 14809 | D:13     | Killed Nessos the redback
 15364 | D:12     | Reached skill level 15 in Fighting
 15447 | D:13     | Reached skill level 1 in Armour
 15641 | D:13     | Noticed Frances
 15702 | D:13     | Killed Frances
 15867 | D:13     | Found a gate to the Vaults.
 15908 | D:14     | Found Luihyr's Weapon Boutique.
 16220 | D:14     | Found Noun's Distillery.
 16299 | D:14     | Bought a potion of resistance for 140 gold pieces
 16299 | D:14     | Bought a potion of heal wounds for 70 gold pieces
 16299 | D:14     | Bought a potion of curing for 42 gold pieces
 16299 | D:14     | Bought a potion of heal wounds for 70 gold pieces
 16299 | D:14     | Bought a potion of curing for 42 gold pieces
 16460 | D:14     | Noticed Josephine
 16471 | D:14     | Killed Josephine
 16472 | D:14     | Reached XP level 15. HP: 108/126 MP: 21/21
 16581 | D:14     | Found Yreunuza's Book Emporium.
 16741 | D:15     | Entered Level 15 of the Dungeon
 16855 | D:15     | Found a staircase to the Depths.
 16867 | D:15     | Demolished by an ettin

Illustrated notes

Levels and vault maps discovered:
D:1:      ncdulo_wetmaze, layout_rooms, serial_glass, glass_columns_a,
          glass_columns_c, glass_columns_a, glass_columns_a, glass_columns_a,
          glass_columns_c, glass_columns_a, glass_columns_a, glass_columns_a,
          glass_columns_b, chequers_avenue, minmay_lizard_king
D:2:      layout_basic, minivault_11
D:3:      layout_basic, ashenzari_altar_1, serial_shops, shop
D:4:      layout_gridville, dancing_weapons_uskayaw, overflow_temple_1_default,
          mainiacjoe_overflow_boulevard, serial_shops, shop_fountains,
          ebering_ghost_reflecting_pool, nicolae_wormholes
D:5:      layout_loops_ring, hangedman_decor_clover_reticule, corexii_shack,
          minmay_manual_mandibuliform, uniq_pikel, uniq_menkaure
D:6:      layout_basic, lemuel_tele_altar
D:7:      minmay_clustersquares, layout_basic, minmay_temple_entry_offerings,
          nicolae_ossuary_entry_false_entrances, gammafunk_ghost_cemetery,
          minmay_misc_feat_rows, grunt_ministairs_10
D:8:      layout_cave_pools, slow_altar_1, serial_column_ruins,
          column_ruins_square_medium, column_ruins_hut,
          column_ruins_columns_straight, column_ruins_grid_4,
          column_ruins_open_small, column_ruins_grid_1,
          column_ruins_columns_corner, column_ruins_columns_corner,
          hangedman_decor_peaks_small, uniq_maurice
D:9:      layout_stronghold, makhleb_altar_promises_db,
          mainiacjoe_overflow_brackets, david_lair_generic, uniq_joseph,
          uniq_harold, uniq_erica, uniq_psyche
D:10:     layout_basic, nicolae_qazlal_eye_of_the_storm, lemuel_crystal_altar,
          mainiacjoe_overflow_chevrons, minitemple, orc_0_dummy, enter_bailey_4,
          uniq_gastronok
D:11:     layout_cave_pools
D:12:     hangedman_arrow_trap, layout_cave_pods
D:13:     layout_cave_pools, ximxim_vaults_locker_room, uniq_nessos,
          uniq_frances
D:14:     layout_cave_pools, serial_shops, shop_fountains, shop, shop,
          uniq_josephine
D:15:     hangedman_depths_entry_civil_slaughter, layout_layer_cave,
          gammafunk_ghost_crypt, tso_altar, fedhas_altar_2
Temple:   hellmonk_temple_divided_pantheon

Skill      XL: |  1  2  3  4  5  6  7  8  9 10 11 12 13 14 15 |
---------------+----------------------------------------------+-----
Unarmed Combat | 4 5 6 7 8 10 12 14 17 18 19 20 | 20.0
Fighting       | 5 8 10 15 | 15.0
Invocations    | 5 9 10 | 10.0
Armour         | 3 4 |  4.9
Dodging        | |  2.6
Stealth        | |  2.1

Action                   |  1- 3 |  4- 6 |  7- 9 | 10-12 | 13-15 || total
-------------------------+-------+-------+-------+-------+-------++-------
Melee: Unarmed           |    92 |   138 |   144 |   249 |   322 ||   945
       Punch             |       |     6 |    10 |    21 |    38 ||    75
 Fire: Shortbow          |       |       |       |       |     4 ||     4
       Longbow           |       |       |       |       |     2 ||     2
Throw: Dart              |       |       |       |     5 |     2 ||     7
Invok: Recall Ancestor   |       |     1 |       |     1 |     1 ||     3
       Ancestor Life: Ba |       |     1 |       |       |       ||     1
       Idealise          |       |       |       |       |     1 ||     1
       Ancestor Identity |       |       |       |       |     1 ||     1
Evoke: Wand              |       |       |       |     1 |     4 ||     5
  Use: Potion            |     1 |       |       |     1 |     1 ||     3
       Scroll            |       |       |       |    10 |     5 ||    15
 Stab: Sleeping          |     3 |     2 |       |       |       ||     5
       Distracted        |       |       |     1 |     3 |     4 ||     8
       Invisible         |       |       |     4 |       |       ||     4
Armor: Robe              |    18 |    36 |     6 |       |       ||    60
       Ring mail         |       |       |    39 |     5 |       ||    44
       Scale mail        |       |       |       |    99 |   118 ||   217
Dodge: Dodged            |    91 |    94 |    95 |   156 |   159 ||   595
